 Dungeon Crawl Stone Soup version 0.29.1-12-g30fa7ad0bf (webtiles) character file.

Game seed: 3804395925779453491

387 xzight the Shield-Bearer (level 6, -1/53 HPs)
             Began as a Gnoll Fighter on Dec 29, 2022.
             Killed from afar by an acid dragon (21 damage)
             ... with a splash of acid
             ... on level 6 of the Dungeon.
             The game lasted 00:02:52 (3208 turns).

xzight the Shield-Bearer (Gnoll Fighter)            Turns: 3208, Time: 00:02:52

Health: -1/53      AC:  7    Str: 15    XL:     6   Next: 78%
Magic:  9/9        EV:  9    Int:  9    God:
Gold:   210        SH:  5    Dex: 12    Spells: 9/9 levels left

rFire   . . .      SeeInvis +   a - +0 trident
rCold   + . .      Faith    .   c - +0 buckler
rNeg    . . .      Spirit   .   b - +0 scale mail
rPois   .          Reflect  .   (no helmet)
rElec   .          Harm     .   (no cloak)
rCorr   .          Rampage  .   (no gloves)
Will    .....                   (no boots)
Stlth   +.........              (no amulet)
HPRegen 0.17/turn               v - ring of see invisible
MPRegen 0.11/turn               C - ring of protection from cold

@: no status effects
A: fangs 1, strong nose, distributed training
a: no special abilities


You were on level 6 of the Dungeon.
You visited 1 branch of the dungeon, and saw 4 of its levels.
You also visited: Sewer.

You collected 210 gold pieces.


Innate Abilities, Weirdness & Mutations

You have very sharp teeth.
Your uncanny sense of smell can sniff out nearby items.
Your experience applies equally to all skills.


   Skills:
 + Level 6.9 Fighting
 + Level 2.2 Short Blades
 + Level 2.2 Long Blades
 + Level 2.2 Axes
 + Level 2.2 Maces & Flails
 + Level 5.1 Polearms
 + Level 2.2 Staves
 + Level 2.2 Ranged Weapons
 + Level 2.2 Throwing
 + Level 6.9 Armour
 + Level 2.2 Dodging
 + Level 2.2 Stealth
 + Level 6.9 Shields
 + Level 2.2 Unarmed Combat
 + Level 2.2 Spellcasting
 + Level 1.7 Conjurations
 + Level 1.7 Hexes
 + Level 1.7 Summonings
 + Level 1.7 Necromancy
 + Level 1.7 Translocations
 + Level 1.7 Transmutations
 + Level 1.7 Fire Magic
 + Level 1.7 Ice Magic
 + Level 1.7 Air Magic
 + Level 1.7 Earth Magic
 + Level 1.7 Poison Magic
 + Level 2.4 Invocations
 + Level 2.2 Evocations


You had 9 spell levels left.
You didn't know any spells.
Your spell library contained the following spells:

 Spells                   Type           Power      Damage    Failure   Level
 Blink                    Tloc           8%         N/A       71%         2
 Tukima's Dance           Hex            4%         N/A       90%         3
 Passage of Golubria      Tloc           4%         N/A       100%        4
 Manifold Assault         Tloc           4%         N/A       100%        5
 Yara's Violent Unravell  Hex/Tmut       2%         3d3       100%        5
 Storm Form               Tmut/Air       2%         N/A       100%        7

Inventory:

Hand Weapons
 a - a +0 trident (weapon)
Armour
 b - a +0 scale mail (worn)
 c - a +0 buckler (worn)
 m - a +0 cloak
 q - a +0 pair of boots
Jewellery
 e - an amulet of magic regeneration
 v - a ring of see invisible (left hand)
 C - a ring of protection from cold (right hand)
 L - a ring of flight
Wands
 y - a wand of charming (12)
Scrolls
 f - 5 scrolls of identify {unknown}
 k - 2 scrolls of magic mapping {unknown}
 l - a scroll of fear {unknown}
 p - a scroll of poison {unknown}
 s - 2 scrolls of fog {unknown}
 t - a scroll of amnesia {unknown}
 x - a scroll of acquirement {unknown}
Potions
 d - a potion of might
 g - a potion of haste {unknown}
 h - a potion of curing {unknown}
 i - a potion of mutation {unknown}
 j - 2 potions of degeneration {unknown}
 n - 2 potions of brilliance {unknown}
 o - 2 potions of flight {unknown}
 r - 3 potions of resistance {unknown}
 u - a potion of invisibility {unknown}
 w - a potion of attraction {unknown}

Dungeon Overview and Level Annotations

Branches:
Dungeon (6/15)              Sewer (visited)
 Temple: D:4-7

Altars:

Shops:
D:6

[ #### ...#
...############
..............#
.........####..
...#####.#########
.................##.###
..#####.........@D....##
## ..#
##########.#......# ##
#. .... #.# ....#....#
#. ...## #.# ...###.#.#
#. ...# #.. ..## ##..#
#. ...# ###
..###.#.####. ..#
#.#......##. .##
#.#........ .#......###


You could see an acid dragon (catching breath).


Message History

You puncture the acid dragon!
The acid dragon is severely wounded.
The acid dragon bites you.
* * * LOW HITPOINT WARNING * * *
The acid dragon closely misses you.
You hit the acid dragon but do no damage.
You bite the acid dragon, but do no damage.
The acid dragon is severely wounded.
The acid dragon bites you but does no damage.
The acid dragon claws you.
* * * LOW HITPOINT WARNING * * *
You puncture the acid dragon!
The acid dragon is almost dead.
The acid dragon bites you but does no damage.
The acid dragon closely misses you. You block the acid dragon's attack.
The acid dragon claws you but does no damage.
You barely miss the acid dragon.
You bite the acid dragon, but do no damage.
The acid dragon is almost dead.
The acid dragon closely misses you. The acid dragon barely misses you.
You completely miss the acid dragon.
The acid dragon is almost dead.
The acid dragon barely misses you.
The acid dragon claws you but does no damage.
You closely miss the acid dragon.
You bite the acid dragon, but do no damage.
The acid dragon is almost dead.
The acid dragon spits acid at you. The splash of acid hits you!!
You die...

Skill      XL: |  1  2  3  4  5  6 |
---------------+-------------------+-----
Invocations    | 1 2 |  2.4
Short Blades   | 1 2 |  2.2
Long Blades    | 1 2 |  2.2
Axes           | 1 2 |  2.2
Maces & Flails | 1 2 |  2.2
Staves         | 1 2 |  2.2
Ranged Weapons | 1 2 |  2.2
Throwing       | 1 2 |  2.2
Dodging        | 1 2 |  2.2
Stealth        | 1 2 |  2.2
Unarmed Combat | 1 2 |  2.2
Spellcasting   | 1 2 |  2.2
Evocations     | 1 2 |  2.2
Conjurations   | 1 |  1.7
Hexes          | 1 |  1.7
Summonings     | 1 |  1.7
Necromancy     | 1 |  1.7
Translocations | 1 |  1.7
Transmutations | 1 |  1.7
Fire Magic     | 1 |  1.7
Ice Magic      | 1 |  1.7
Air Magic      | 1 |  1.7
Earth Magic    | 1 |  1.7
Poison Magic   | 1 |  1.7
Polearms       | 5 |  5.1
Fighting       | |  6.9
Armour         | |  6.9
Shields        | |  6.9

Action                   |  1- 3 |  4- 6 || total
-------------------------+-------+-------++-------
Melee: Trident           |   105 |   170 ||   275
       Bite              |     5 |    19 ||    24
Armor: Scale mail        |    29 |    50 ||    79
Dodge: Dodged            |    25 |    64 ||    89
Block: Buckler           |    20 |    44 ||    64

Levels and vault maps discovered:
D:1:      zaba_arrival_water, layout_loops_ring, basic_ecumenical_altar,
          serial_bayou_ford_a, minmay_misc_feat_four_crosses,
          kennysheep_decorative_pillar, minmay_misc_feat_diagonals
D:2:      layout_basic, corexii_shack, corner_web_ring, kennysheep_nondescript,
          uniq_natasha
D:3:      layout_loops_ring
D:6:      layout_loops_ring, serial_shops, nicolae_shop_hallway_stairs,
          portal_sewer_entry_e

Notes
Turn   | Place    | Note
-------+----------+-------------------------------------------
     0 | D:1      | xzight the Gnoll Fighter began the quest for the Orb.
     0 | D:1      | Reached XP level 1. HP: 23/23 MP: 1/1
   172 | D:1      | Found a faded altar of an unknown god.
   446 | D:1      | Reached XP level 2. HP: 28/29 MP: 2/2
   973 | D:2      | Reached XP level 3. HP: 35/35 MP: 3/3
  1060 | D:2      | Reached skill level 1 in Invocations
  1473 | D:2      | Reached skill level 1 in Short Blades
  1473 | D:2      | Reached skill level 1 in Long Blades
  1473 | D:2      | Reached skill level 1 in Axes
  1473 | D:2      | Reached skill level 1 in Maces & Flails
  1473 | D:2      | Reached skill level 1 in Staves
  1473 | D:2      | Reached skill level 1 in Ranged Weapons
  1473 | D:2      | Reached skill level 1 in Throwing
  1473 | D:2      | Reached skill level 1 in Dodging
  1473 | D:2      | Reached skill level 1 in Stealth
  1473 | D:2      | Reached skill level 1 in Unarmed Combat
  1473 | D:2      | Reached skill level 1 in Spellcasting
  1473 | D:2      | Reached skill level 1 in Evocations
  1481 | D:2      | Noticed Natasha
  1487 | D:2      | Killed Natasha
  1488 | D:2      | Reached XP level 4. HP: 30/41 MP: 5/5
  1811 | D:3      | Reached skill level 1 in Conjurations
  1811 | D:3      | Reached skill level 1 in Hexes
  1811 | D:3      | Reached skill level 1 in Summonings
  1811 | D:3      | Reached skill level 1 in Necromancy
  1811 | D:3      | Reached skill level 1 in Translocations
  1811 | D:3      | Reached skill level 1 in Transmutations
  1811 | D:3      | Reached skill level 1 in Fire Magic
  1811 | D:3      | Reached skill level 1 in Ice Magic
  1811 | D:3      | Reached skill level 1 in Air Magic
  1811 | D:3      | Reached skill level 1 in Earth Magic
  1811 | D:3      | Reached skill level 1 in Poison Magic
  1905 | D:3      | Reached XP level 5. HP: 35/47 MP: 5/7
  2012 | D:3      | You fall into a shaft and drop 3 floors!
  2143 | D:6      | Found Xiepim's Armour Shoppe.
  2215 | D:6      | Noticed a sky beast
  2226 | D:6      | Killed a sky beast
  2227 | D:6      | Reached skill level 2 in Invocations
  2227 | D:6      | Reached XP level 6. HP: 53/53 MP: 8/8
  2289 | D:6      | Reached skill level 5 in Polearms
  2294 | D:6      | Found a glowing drain.
  2339 | D:6      | Reached skill level 2 in Short Blades
  2339 | D:6      | Reached skill level 2 in Long Blades
  2339 | D:6      | Reached skill level 2 in Axes
  2339 | D:6      | Reached skill level 2 in Maces & Flails
  2339 | D:6      | Reached skill level 2 in Staves
  2339 | D:6      | Reached skill level 2 in Ranged Weapons
  2339 | D:6      | Reached skill level 2 in Throwing
  2339 | D:6      | Reached skill level 2 in Dodging
  2339 | D:6      | Reached skill level 2 in Stealth
  2339 | D:6      | Reached skill level 2 in Unarmed Combat
  2339 | D:6      | Reached skill level 2 in Spellcasting
  2339 | D:6      | Reached skill level 2 in Evocations
  2377 | Sewer    | Entered a sewer
  3195 | D:6      | Noticed an acid dragon
  3208 | D:6      | Killed from afar by an acid dragon

Vanquished Creatures
  A sky beast (D:6)
  A scorpion (D:6)
  A jelly (D:3)
  An iguana (D:6)
  Natasha (D:2)
  4 adders
  5 river rats
  A white imp (D:6)
  2 worms (D:2)
  A dart slug (D:2)
  An orc (D:6)
  4 ball pythons
  6 endoplasms
  5 giant cockroaches
  4 goblins
  6 hobgoblins
  2 jackals (D:1)
  2 quokkas (D:2)
  5 bats
  8 frilled lizards
  4 kobolds (D:2)
  9 rats
74 creatures vanquished.

Table legend: (Time is in decaauts)
 A = Elapsed time spent in this place.
 B = Non-inter-level travel time spent in this place.
 C = Inter-level travel time spent in this place.
 D = Time resting spent in this place.
 E = Time spent auto-exploring this place.
 F = Levels seen in this place.
 G = Mean time per level.
                   A        B        C        D        E       F      G
               +--------+--------+--------+--------+--------+-----+--------+
         Total |   3309 |   3248 |     61 |      0 |   2605 |   5 |  661.8 |
       Dungeon |   2704 |   2643 |     61 |      0 |   2155 |   4 |  676.0 |
         Sewer |    604 |    604 |      0 |      0 |    450 |   1 |  604.0 |
               +--------+--------+--------+--------+--------+-----+--------+

Top non-repeatable levels by time:
     D:2: 948 daAuts
     D:1: 835 daAuts
     D:6: 657 daAuts
   Sewer: 604 daAuts
     D:3: 263 daAuts

Table legend:
 A = Non-vault XP
 B = Vault XP
 C = Vault XP percentage of total XP
 D = Non-vault monster count
 E = Vault monster count
 F = Vault count percentage of total count
                 A         B        C        D         E       F
            +---------+---------+-------+---------+---------+-------
      Total |     402 |     152 |  27.4 |      47 |      27 |  36.5
            +---------+---------+-------+---------+---------+-------
        D:1 |      24 |       0 |   0.0 |      15 |       0 |   0.0
        D:2 |      44 |      37 |  45.7 |      20 |       2 |   9.1
        D:3 |      63 |       0 |   0.0 |       6 |       0 |   0.0
        D:6 |     271 |      48 |  15.0 |       6 |       8 |  57.1
      Sewer |       0 |      67 | 100.0 |       0 |      17 | 100.0
            +---------+---------+-------+---------+---------+-------
